 Dungeon Crawl Stone Soup version 0.31-a0-185-g9dded2c639 (webtiles) character file.

Game seed: 7931762767833328345

41 qw the Shooter (level 3, -6/20 HPs)
             Began as a Deep Elf Hunter on June 22, 2023.
             Mangled by Natasha (8 damage)
             ... on level 2 of the Dungeon.
             The game lasted 00:00:12 (658 turns).

qw the Shooter (Deep Elf Hunter)                     Turns: 658, Time: 00:00:13

Health: -6/20      AC:  3    Str: 10    XL:     3   Next: 32%
Magic:  5/5        EV: 12    Int: 13    God:
Gold:   106        SH:  0    Dex: 18    Spells: 2/2 levels left

rFire   . . .        Y - +0 shortbow
rCold   . . .        (shield currently unavailable)
rNeg    . . .        c - +0 leather armour
rPois   .            (no helmet)
rElec   .            (no cloak)
rCorr   .            (no gloves)
SInv    .            (no boots)
Will    .....        (no amulet)
Stlth   ++           (no ring)
HPRegen 0.23/turn    (no ring)
MPRegen 0.09/turn

%: no passive effects
@: slowed, very slow
A: no striking features
a: no special abilities


You were on level 2 of the Dungeon.
You visited 1 branch of the dungeon, and saw 2 of its levels.

You collected 106 gold pieces.


   Skills:
 - Level 1.5 Fighting
 + Level 6.9 Ranged Weapons
 - Level 2.4 Dodging
 - Level 1.2 Stealth


You had 2 spell levels left.
You didn't know any spells.
Your spell library was empty.

Inventory:

Hand Weapons
 Y - a +0 shortbow (weapon)
Armour
 c - a +0 leather armour (worn)
Scrolls
 a - a scroll of identify
Potions
 b - a potion of lignification {unknown}
 f - a potion of curing {unknown}

Dungeon Overview and Level Annotations

Branches:
Dungeon (2/15)

Altars:

Annotations:
D:2 Natasha


Message History

Enter note: You now have 106 gold pieces (gained 12).
A hobgoblin comes into view.
Found a stone staircase leading up.
The hobgoblin shouts!
Enter note:
Enter note: You shoot an arrow.
The arrow hits the hobgoblin but does no damage.
You shoot an arrow.
The arrow hits the hobgoblin but does no damage.
You shoot an arrow. The arrow hits the hobgoblin!
You kill the hobgoblin!
Natasha, Servant of Life and Death comes into view.
You shoot an arrow.
The arrow hits Natasha but does no damage.
Natasha is nearby!
Enter note:
Enter note: You shoot an arrow.
The arrow hits Natasha.
Natasha is lightly wounded.
You shoot an arrow. The arrow closely misses Natasha.
You shoot an arrow. The arrow misses Natasha.
Natasha stares at you and mumbles some strange words.
You feel yourself slow down.
You shoot an arrow.
The arrow hits Natasha but does no damage.
Natasha is lightly wounded.
Natasha claws you. Natasha casts a spell at you.
You feel as though you will be slow longer.
You shoot an arrow. The arrow closely misses Natasha.
Natasha claws you.
You shoot an arrow. The arrow closely misses Natasha.
Natasha claws you. Natasha barely misses you.
You shoot an arrow. The arrow closely misses Natasha.
Natasha claws you. Natasha closely misses you.
You shoot an arrow. The arrow closely misses Natasha.
Natasha claws you!
You die...

. .. .. . #. #.....##
#.#.###########
.[......
#.#.#.........#
........ #.....h@#
........ #.......####.
.........#.............
.........#.......#<....
..##.....#.#.#..#####..
..##.....#.#...........
..##.....#.###.######.
#%##%....#.##.........
.........#.###.#######


You could see Natasha.

Vanquished Creatures
  Jessica (D:2)
  An endoplasm (D:1)
  2 giant cockroaches
  A goblin (D:1)
  2 hobgoblins
  2 kobolds (D:1)
  2 ball pythons
  2 bats
  2 frilled lizards (D:1)
  A rat (D:1)
16 creatures vanquished.

Notes
Turn   | Place    | Note
-------+----------+-------------------------------------------
     0 | D:1      | qw the Deep Elf Hunter began the quest for the Orb.
     0 | D:1      | Reached XP level 1. HP: 12/12 MP: 3/3
     0 | D:1      | 0 ||| qw: Version: 0.3-a-9-g12657ce
     0 | D:1      | 0 ||| qw: Game counter: 1799
     0 | D:1      | 0 ||| qw: Always use a shield: true
     0 | D:1      | 0 ||| qw: God list: Okawaru
     0 | D:1      | 0 ||| qw: Allow faded altars: false
     0 | D:1      | 0 ||| qw: Do Orc after D:15 true
     0 | D:1      | 0 ||| qw: Do second Lair branch before Depths: true
     0 | D:1      | 0 ||| qw: Lair rune preference: random
     0 | D:1      | 0 ||| qw: Plans: Normal
     0 | D:1      | 0 ||| PLANNING D:1-11
   272 | D:1      | Reached XP level 2. HP: 16/16 MP: 4/4
   310 | D:1      | Reached skill level 6 in Ranged Weapons
   563 | D:1      | 563 ||| READING 2 scrolls labelled ZEASIC DYS NYO.
   564 | D:1      | 564 ||| DRINKING 2 cyan potions.
   565 | D:1      | 565 ||| DROPPING scroll of butterflies.
   566 | D:1      | 566 ||| DROPPING potion of magic.
   597 | D:2      | Noticed Jessica
   600 | D:2      | Killed Jessica
   601 | D:2      | Reached XP level 3. HP: 20/20 MP: 5/5
   647 | D:2      | Noticed Natasha
   657 | D:2      | HP: 1/20 [Natasha (6)]
   658 | D:2      | Mangled by Natasha

Levels and vault maps discovered:
D:1:      psy_arrival_statuary, layout_loops_ring
D:2:      layout_basic, uniq_jessica, uniq_natasha

Skill      XL: |  1  2 |
---------------+-------+-----
Ranged Weapons | 6 |  6.9
Fighting       | |  1.5
Dodging        | |  2.4
Stealth        | |  1.2

Action                     || total
---------------------------++-------
   Fire: Shortbow          ||    48
    Use: Scroll            ||     1
         Potion            ||     1
 Armour: Leather armour    ||     2
  Dodge: Dodged            ||     4

Table legend:
 A = Non-vault XP
 B = Vault XP
 C = Vault XP percentage of total XP
 D = Non-vault monster count
 E = Vault monster count
 F = Vault count percentage of total count
                 A         B        C        D         E       F
            +---------+---------+-------+---------+---------+-------
      Total |      22 |      37 |  62.7 |      15 |       1 |   6.2
            +---------+---------+-------+---------+---------+-------
        D:1 |      16 |       0 |   0.0 |      11 |       0 |   0.0
        D:2 |       6 |      37 |  86.0 |       4 |       1 |  20.0
            +---------+---------+-------+---------+---------+-------
